 Dungeon Crawl Stone Soup version 0.28.0-49-g6dfe1f597d (webtiles) character file.

Game seed: 9007642141649987313

967 Dreadrock the Chopper (level 7, 0/62 HPs)
             Began as a Minotaur Fighter on May 12, 2022.
             Was an Initiate of Gozag.
             Slain by an ogre
             ... wielding a +0 giant club
              (16 damage)
             ... on level 5 of the Dungeon.
             The game lasted 00:15:40 (5726 turns).

Dreadrock the Chopper (Minotaur Fighter)            Turns: 5726, Time: 00:15:41

Health: 0/62       AC: 11    Str: 22    XL:     7   Next: 93%
Magic:  6/6        EV:  7    Int:  5    God:    Gozag
Gold:   254        SH:  5    Dex: 10    Spells: 6/6 levels left

rFire   . . .      SeeInvis .   a - +0 war axe
rCold   . . .      Faith    .   c - +0 buckler
rNeg    . . .      Spirit   .   k - +0 chain mail
rPois   .          Reflect  .   (helmet restricted)
rElec   .          Harm     .   (no cloak)
rCorr   .          Rampage  .   b - +0 pair of gloves
Will    .....                   (no boots)
Stlth   ..........              (no amulet)
HPRegen 0.20/turn               (no ring)
MPRegen 0.10/turn               (no ring)

@: no status effects
A: horns 2, retaliatory headbutt
a: Renounce Religion, Potion Petition, Call Merchant, Bribe Branch


You were on level 5 of the Dungeon.
You worshipped Gozag.
Gozag was aware of your devotion.
You visited 1 branch of the dungeon, and saw 6 of its levels.

You collected 322 gold pieces.
You paid 68 gold pieces to Gozag.

Inventory:

Hand Weapons
 a - a +0 war axe (weapon)
Armour
 b - a +0 pair of gloves (worn)
 c - a +0 buckler (worn)
 k - a +0 chain mail (worn)
Jewellery
 j - a ring of willpower
 n - a ring of willpower
Wands
 s - a wand of mindburst (17)
Scrolls
 e - 3 scrolls of identify {unknown}
 f - 2 scrolls of brand weapon {unknown}
 l - 4 scrolls of teleportation {unknown}
 m - a scroll of amnesia {unknown}
 p - a scroll of vulnerability {unknown}
 q - a scroll of enchant armour {unknown}
 t - a scroll of holy word {unknown}
 u - a scroll of noise {unknown}
Potions
 d - a potion of might
 g - 5 potions of flight {unknown}
 h - 2 potions of heal wounds {unknown}
 i - a potion of lignification {unknown}
 o - a potion of invisibility {unknown}
 r - a potion of ambrosia {unknown}


   Skills:
 + Level 5.7 Fighting
 * Level 6.9 Axes
 + Level 5.7 Armour
 + Level 5.8 Shields
 + Level 2.6 Evocations


You had 6 spell levels left.
You didn't know any spells.
Your spell library contained the following spells:

 Spells                   Type           Power      Damage    Failure   Level
 Animate Skeleton         Necr           0%         N/A       99%         1
 Pain                     Necr           0%         1d4       99%         1
 Sting                    Tmut/Pois      0%         1d3       99%         1
 Corpse Rot               Necr/Air       0%         N/A       100%        2
 Poisonous Vapours        Pois/Air       0%         N/A       100%        2
 Tukima's Dance           Hex            0%         N/A       100%        3
 Vampiric Draining        Necr           0%         2d6       100%        3
 Olgreb's Toxic Radiance  Pois           0%         N/A       100%        4
 Passage of Golubria      Tloc           0%         N/A       100%        4
 Yara's Violent Unravell  Hex/Tmut       0%         3d3       100%        5


Dungeon Overview and Level Annotations

Branches:
Dungeon (6/15)
 Temple: D:4-7

Altars:
Cheibriados
Gozag
Kikubaaqudgha
Nemelex Xobeh

Shops:
D:3 ==:[(

Annotations:
D:3 2 transporters, 101zpm's ghost, amateur DjFE


Innate Abilities, Weirdness & Mutations

You have a pair of horns on your head.
You reflexively headbutt those who attack you in melee.


Message History

You feel sick.
You feel sick.
You feel sick.
You feel sick.
You feel sick.
You are no longer poisoned.
You now have 238 gold pieces (gained 5).
An adder comes into view.
The adder hisses angrily.
An adder is nearby!
You slash the adder!
You kill the adder!
Found a stone staircase leading down.
You now have 246 gold pieces (gained 8).
You now have 254 gold pieces (gained 8).
Found a hand axe.
An ogre comes into view. It is wielding a +0 giant club.
The ogre shouts!
You hit the ogre.
The ogre is lightly wounded.
The ogre hits you with a +0 giant club!
You slash the ogre!
The ogre is heavily wounded.
The ogre hits you with a +0 giant club!
You hit the ogre.
The ogre is heavily wounded.
The ogre hits you with a +0 giant club!!
You hit the ogre.
The ogre is severely wounded.
The ogre hits you with a +0 giant club.
* * * LOW HITPOINT WARNING * * *
You hit the ogre but do no damage.
The ogre is severely wounded.
The ogre hits you with a +0 giant club.
* * * LOW HITPOINT WARNING * * *
You hit the ogre. Your headbutt misses the ogre.
The ogre is severely wounded.
The ogre hits you with a +0 giant club!
You die...
Your body crumbles into a pile of gold.

...###.....#...
#..........##
#.....##....# ####
######..#.....##.#
##...##.......)..#####..
#.............#.## ##
.............#..#
.............#.##
......O@.......#
#............###
##...##...#### ### #####


You could see an ogre.

Vanquished Creatures
  A water moccasin (D:5)
  2 centaurs
  A kobold brigand (D:3)
  3 scorpions
  A centaur zombie (D:5)
  A hound (D:4)
  A centaur skeleton (D:4)
  An iguana (D:5)
  6 orc wizards (D:4)
  A hound zombie (D:5)
  A gnoll (D:1)
  7 adders
  An adder skeleton (D:4)
  3 worms
  2 dart slugs
  6 orcs
  7 ball pythons
  7 bats
  5 endoplasms
  3 giant cockroaches
  12 hobgoblins
  4 jackals (D:1)
  9 kobolds
  A quokka (D:1)
  4 frilled lizards
  12 goblins
  7 rats
109 creatures vanquished.

Notes
Turn   | Place    | Note
-------+----------+-------------------------------------------
     0 | D:1      | Dreadrock the Minotaur Fighter began the quest for the Orb.
     0 | D:1      | Reached XP level 1. HP: 19/19 MP: 0/0
    75 | D:1      | Reached XP level 2. HP: 17/27 MP: 1/1
   194 | D:1      | Reached skill level 3 in Axes
   573 | D:1      | Reached XP level 3. HP: 33/33 MP: 2/2
  1230 | D:2      | Reached XP level 4. HP: 40/40 MP: 3/3
  1384 | D:2      | Found a sparkling altar of Nemelex Xobeh.
  1498 | D:2      | Reached skill level 4 in Axes
  2083 | D:3      | Found Adgha's Book Boutique.
  2193 | D:3      | Found Wisuiwn's Jewellery Shoppe.
  2206 | D:3      | Found Donnenwu's Antique Armour Emporium.
  2248 | D:3      | Noticed 101zpm's ghost (amateur DjFE)
  2302 | D:3      | Found a transporter.
  2342 | D:3      | Found a transporter.
  2460 | D:3      | You fall into a shaft and drop 3 floors!
  2510 | D:6      | Noticed a centaur
  2516 | D:6      | Killed a centaur
  2517 | D:6      | Reached skill level 1 in Evocations
  2517 | D:6      | Reached XP level 5. HP: 32/47 MP: 4/4
  2820 | D:6      | Reached skill level 5 in Axes
  2820 | D:6      | Reached XP level 6. HP: 54/55 MP: 5/5
  2849 | D:5      | Entered Level 5 of the Dungeon
  3171 | D:4      | Reached skill level 5 in Fighting
  3206 | D:4      | Reached skill level 5 in Armour
  3379 | D:3      | Found Feuta's Antique Weapon Emporium.
  3406 | D:3      | Reached skill level 5 in Shields
  3697 | D:3      | Found Xirytali's Jewellery Shop.
  3762 | D:3      | Found a snail-covered altar of Cheibriados.
  4121 | D:4      | Found an opulent altar of Gozag.
  4147 | D:4      | Became a worshipper of Gozag Ym Sagoz the Greedy
  4198 | D:4      | Reached XP level 7. HP: 61/61 MP: 6/6
  4263 | D:4      | Reached skill level 6 in Axes
  4634 | D:4      | Found an ancient bone altar of Kikubaaqudgha.
  5726 | D:5      | Slain by an ogre

Illustrated notes

Levels and vault maps discovered:
D:1:      giann_wishing_wells, layout_loops_ring, hangedman_decor_push
D:2:      layout_loops_ring, basic_altar, minmay_goblin_kobold_house
D:3:      cheibrodos_thug_alley, layout_loops_ring, cheibrodos_worm_habitat,
          gammafunk_ghost_stat_death, serial_glass, glass_columns_b,
          glass_columns_c, glass_columns_c, glass_columns_a, item_on_display_a,
          item_on_display_a, serial_shops, shop, nicolae_shop_hallway_plus,
          shop, nicolae_shop_behind_doors, nicolae_shop_advertising_works
          [nicolae_subvault_shop_adworks], dk_noncrumbling_4
D:4:      layout_loops_ring, mainiacjoe_overflow_small_starburst,
          lemuel_tele_altar, minmay_a_box_with_orc_wizards_in_it
D:5:      layout_rooms, chequers_jeans, amcnicky_mini_pool_small
D:6:      layout_basic

Skill      XL: |  1  2  3  4  5  6  7 |
---------------+----------------------+-----
Axes           | 3 4 5 6 |  6.9
Shields        | 4 5 |  5.8
Fighting       | 4 5 |  5.7
Armour         | 4 5 |  5.7
Evocations     | 1 2 |  2.6

Action                   |  1- 3 |  4- 6 |  7- 9 || total
-------------------------+-------+-------+-------++-------
Melee: War axe           |    87 |   129 |    80 ||   296
       Headbutt          |    10 |    14 |    11 ||    35
Armor: Scale mail        |    54 |    27 |       ||    81
       Chain mail        |       |    71 |    64 ||   135
Dodge: Dodged            |    40 |    61 |    23 ||   124
Block: Buckler           |    24 |    25 |    23 ||    72
